 Dungeon Crawl Stone Soup version 0.28.0-53-g5a82cb258f (webtiles) character file.

Game seed: 6764969469770353793

25 gobodom the Chopper (level 2, 0/24 HPs)
             Began as a Demonspawn Cinder Acolyte on June 21, 2022.
             Was a High Priest of Ignis.
             Succumbed to an adder's poison
             ... on level 2 of the Dungeon.
             The game lasted 00:02:27 (1106 turns).

gobodom the Chopper (Demonspawn Cinder Acolyte)     Turns: 1106, Time: 00:02:28

Health: 0/24       AC:  2    Str: 14    XL:     2   Next: 86%
Magic:  3/3        EV: 11    Int: 15    God:    Ignis [*****.]
Gold:   50         SH:  0    Dex: 14    Spells: 3/3 levels left

rFire   + . .      SeeInvis .   a - -1 hand axe (flame)
rCold   . . .      Faith    .   (no shield)
rNeg    . . .      Spirit   .   b - +0 robe
rPois   .          Reflect  .   (no helmet)
rElec   .          Harm     .   (no cloak)
rCorr   .          Rampage  .   (no gloves)
Will    .....                   (no boots)
Stlth   +.........              (no amulet)
HPRegen 0.08/turn               e - +6 ring of dexterity
MPRegen 0.08/turn               (no ring)

@: lethally poisoned (0 -> -6), attractive
A: claws 1
a: Renounce Religion, Fiery Armour, Foxfire Swarm, Rising Flame


You were on level 2 of the Dungeon.
You worshipped Ignis.
Ignis was extremely pleased with you.
You visited 1 branch of the dungeon, and saw 2 of its levels.

You collected 50 gold pieces.

Inventory:

Hand Weapons
 a - a -1 hand axe of flaming (weapon)
Armour
 b - a +0 robe (worn)
Jewellery
 e - a +6 ring of dexterity (left claw)
Scrolls
 f - a scroll of brand weapon {unknown}
Potions
 c - a potion of attraction
 d - a potion of berserk rage {unknown}
 g - a potion of magic {unknown}


   Skills:
 + Level 3.2 Fighting
 + Level 3.3 Axes
 + Level 0.3 Stealth
 + Level 1.0 Spellcasting
 + Level 2.9 Fire Magic


You had 3 spell levels left.
You didn't know any spells.
Your spell library contained the following spells:

 Spells                   Type           Power      Damage    Failure   Level
 Scorch                   Fire           18%        2d6       12%         2


Dungeon Overview and Level Annotations

Branches:
Dungeon (2/15)

Altars:


Innate Abilities, Weirdness & Mutations

You have sharp fingernails.


Message History

You hit the kobold but do no damage. You hit the endoplasm.
You burn the endoplasm. The kobold closely misses you.
The endoplasm freezes you.
You are frozen.
You closely miss the kobold. You claw the kobold.
You kill the kobold!
You hit the endoplasm but do no damage.
The endoplasm hits you but does no damage.
You hit the adder. You burn the adder.
The adder is moderately wounded.
You barely miss the endoplasm. The adder bites you. The endoplasm misses you.
The adder closely misses you.
You closely miss the adder.
The adder is moderately wounded.
You hit the endoplasm. You burn the endoplasm.
You kill the endoplasm!
The adder bites you.
You are poisoned.
The adder poisons you!
You miss the adder.
The adder is moderately wounded.
You feel sick. The adder closely misses you.
You hit the adder but do no damage.
The adder is moderately wounded.
You feel sick. The adder closely misses you.
The adder bites you but does no damage.
You closely miss the adder.
The adder is moderately wounded.
You feel sick. The adder bites you but does no damage.
You feel sick.
You are no longer poisoned.
An adder comes into view.
The adder misses you. The adder bites you.
* * * LOW HITPOINT WARNING * * *
You are lethally poisoned!
The adder poisons you!
It was a potion of attraction.
You feel attractive to monsters.
You die...

....#####.#
.........########
#....).........
#..............
###..............
###.....#..........
....##.............
#......S#..........
...###.@###........ #
####....#......#
#...#†#.##.#..##
#...#...#..##...
#...##.... # ##
##....#...#
#######..##.......
..................
#.#######.####.......


You could see an adder.

Vanquished Creatures
  A dart slug (D:1)
  3 bats (D:1)
  4 endoplasms
  2 giant cockroaches (D:1)
  2 goblins (D:1)
  2 frilled lizards (D:1)
  6 kobolds
  4 rats
24 creatures vanquished.

Notes
Turn   | Place    | Note
-------+----------+-------------------------------------------
     0 | D:1      | gobodom the Demonspawn Cinder Acolyte began the quest for
                  | the Orb.
     0 | D:1      | Reached XP level 1. HP: 18/18 MP: 2/2
   218 | D:1      | Gained mutation: You have sharp fingernails. [demonic
                  | ancestry]
   218 | D:1      | Reached XP level 2. HP: 24/24 MP: 3/3
  1106 | D:2      | Succumbed to an adder's poison

Illustrated notes

Levels and vault maps discovered:
D:1:      dpeg_arrival_rooms_a, layout_basic, grunt_decor_resistance
D:2:      layout_rooms, hellmonk_ecumenical_altar_inner_sanctum

Skill      XL: |  1 |
---------------+----+-----
Axes           | 3 |  3.3
Fighting       | |  3.2
Stealth        | |  0.3
Spellcasting   | |  1.0
Fire Magic     | |  2.9

Action                   || total
-------------------------++-------
Melee: Hand axe          ||    67
       Punch             ||     3
  Use: Potion            ||     1
 Stab: Sleeping          ||     1
Armor: Robe              ||    27
Dodge: Dodged            ||    32
